 Dungeon Crawl Stone Soup version 0.28-a0-851-g8b9cc49659 (webtiles) character file.

Game seed: 17564036602878219031

1307 jasper the Thaumaturge (level 8, -8/50 HPs)
             Began as a Djinni Fire Elementalist on Nov 15, 2021.
             Was a Follower of Ashenzari.
             Mangled by Maggie (10 damage)
             ... on level 6 of the Dungeon.
             The game lasted 00:08:17 (6238 turns).

jasper the Thaumaturge (Djinni Fire Elementalist)   Turns: 6238, Time: 00:08:18

Health: -8/50      AC:  4    Str:  7    XL:     8   Next: 88%
Gold:   1131       EV: 13    Int: 18    God:    Ashenzari [*.....] SH:  0 Dex: 15

rFire   + + .      SeeInvis +   h - staff of conjuration (curse) {Melee, Self}
rCold   x . .      Faith    .   (no shield)
rNeg    . . .      Spirit   .   a - +0 robe
rPois   ∞          Reflect  .   c - +0 helmet "Gnostic Yoke" {Melee, Cun} (curse)
rElec   .          Harm     .   q - +0 cloak
rCorr   .          Rampage  .   (no gloves)
Will    .....                   (boots unavailable)
Stlth   ++........              (no amulet)
HPRegen 0.16/turn               p - ring of see invisible
MPRegen 0.00/turn               (no ring)

@: flying, mesmerised
A: sickness immunity, fire resistance 2, cold vulnerability 1, float, innate
caster, hp casting, extra vitality 1
a: Renounce Religion, Curse Item, Shatter the Chains


You were on level 6 of the Dungeon.
You worshipped Ashenzari.
Ashenzari was aware of your devotion.
You visited 2 branches of the dungeon, and saw 7 of its levels.

You collected 1131 gold pieces.

Inventory:

Missiles
 o - a throwing net
Armour
 a - a +0 robe (worn)
 c - the cursed +0 helmet "Gnostic Yoke" (worn) {Melee, Cun}
   (You found it on level 1 of the Dungeon)

   It has a curse which improves the following skills: Melee Combat: Short
   Blades, Long Blades, Axes, Maces & Flails, Polearms, Staves and Unarmed
   Combat.
   Cunning:   Dodging and Stealth.
 q - a +0 cloak (worn)
Magical Staves
 d - a staff of cold
 h - a cursed staff of conjuration (weapon) {Melee, Self}
Jewellery
 i - an amulet of faith
 p - a ring of see invisible (left hand)
Wands
 r - a wand of mindburst (8)
Scrolls
 b - a scroll of enchant weapon
 k - a scroll of blinking
 l - a scroll of enchant armour
 m - a scroll of teleportation
 n - 2 scrolls of fog
Potions
 e - 3 potions of heal wounds
 f - a potion of might
 g - a potion of ambrosia
 j - 2 potions of curing


   Skills:
 - Level 2.1(3.0) Dodging
 - Level 1.5(2.3) Stealth
 + Level 8.2(9.2) Spellcasting


You had 6 spell levels left.
You knew the following spells:

 Your Spells              Type           Power      Damage    Failure   Level
a - Foxfire               Conj/Fire      100%       2x1d9     1%          1
b - Scorch                Fire           82%        2d9       1%          2
c - Conjure Flame         Conj/Fire      58%        6-21      1%          3
d - Inner Flame           Hex/Fire       41%        N/A       1%          3
e - Flame Wave            Conj/Fire      58%        3d11      1%          4
f - Sting                 Tmut/Pois      100%       1d8       1%          1
g - Wereblood             Tmut           41%        N/A       1%          2
h - Confusing Touch       Hex            41%        N/A       1%          3
Your spell library was empty.

Dungeon Overview and Level Annotations

Branches:
Dungeon (6/15)             Temple (1/1) D:4

Altars:
Ashenzari
Dithmenos
Gozag
Hepliaklqana
Makhleb
Qazlal
Vehumet
Wu Jian
Zin
The Shining One

Shops:
D:3 *

Annotations:
D:5 2 transporters, Eustachio; croobank's ghost, amateur DsDe
D:6 Maggie


Innate Abilities, Weirdness & Mutations

You are immune to sickness and miasma.
You are immune to poison.
Your flesh is very heat resistant. (rF++)
You are vulnerable to cold. (rC-)
You float through the air rather than walking.
You learn spells naturally, not from books.
Your magical power is your life essence.
You have superior vitality. (+4 HP)


Message History

You take 1 damage, and have 40/50 hp.
Casting: Foxfire (safe; 1% risk of failure)
Press: ? - help, Q - select action, (/) - cycle Dir - look around, f - activate You feel a surge of power!
You conjure some foxfire!
The foxfire hits Maggie.
Maggie is heavily wounded.
The foxfire hits Maggie but does no damage.
Maggie is heavily wounded.
You take 1 damage, and have 39/50 hp.
Your foxfire dissipates!
Found a +0 chain mail.
The foxfire hits Maggie.
Maggie is severely wounded.
Maggie closely misses you. Maggie hits you with a +0 halberd!
You take 10 damage, and have 29/50 hp.
Casting: Foxfire (safe; 1% risk of failure)
Confirm with . or Enter, or press ? or * to list all spells.
Casting: Flame Wave (dangerous; 1% risk of failure)
Press: ? - help, Dir - look around, f - activate You feel a surge of power!
A wave of flame ripples out!
The flame wave engulfs Maggie.
Maggie is severely wounded. (Press . to intensify the flame waves.) Maggie points at you and mumbles some strange words.
The bolt of fire hits you! You resist.
* * * LOW HITPOINT WARNING * * *
You take 16 damage, and have 13/50 hp.
MASSIVE DAMAGE!!
A wave of flame ripples out!
The flame wave engulfs Maggie!
Maggie is almost dead.
* * * LOW HITPOINT WARNING * * *
Maggie hits you with a +0 halberd!
* * * LOW HITPOINT WARNING * * *
You take 10 damage, and have 3/50 hp.
A wave of flame ripples out!
The flame wave engulfs Maggie!
Maggie is almost dead.
* * * LOW HITPOINT WARNING * * *
You finish channelling waves of flame.
You hear an angry hiss.
Maggie hits you with a +0 halberd!
You die...

... #.. .. ..... #.. ..#
# ..... #.# #.##+######
. #... #.# #...>...(#.
.[#...###.# #........#.
..........####........#.
.............#........##
.............#..........
.......@................
......@......#..........
.....†.......#..#.......
.............#..########
.............#......# #
....######+#+#......# .
.... .......# .. ...
............
....######...


You could see Maggie (mesmerising, empowered).

Vanquished Creatures
  Sigmund (D:4)
  Edmund (D:4)
  A black bear (D:4)
  An ice beast (D:5)
  2 centaurs (D:5)
  2 ogres
  A bullfrog (D:4)
  A jelly (D:5)
  4 orc priests
  2 hounds
  2 orc wizards
  A hound skeleton (D:4)
  4 gnolls (D:2)
  6 adders
  An adder skeleton (D:3)
  5 worms
  5 dart slugs
  9 orcs
  5 bats
  3 endoplasms
  3 giant cockroaches
  9 goblins
  9 hobgoblins
  4 jackals
  4 quokkas
  8 ball pythons
  2 frilled lizards
  8 kobolds
  9 rats
113 creatures vanquished.

Vanquished Creatures (collateral kills)
  4 foxfires (D:2)
4 creatures vanquished.

Vanquished Creatures (others)
  329 foxfires
  6 plants (D:2)
335 creatures vanquished.

Grand Total: 452 creatures vanquished

Notes
Turn   | Place    | Note
-------+----------+-------------------------------------------
     0 | D:1      | jasper the Djinni Fire Elementalist began the quest for the
                  | Orb.
     0 | D:1      | Reached XP level 1. HP: 15/15 MP: 0/0
   403 | D:1      | Reached XP level 2. HP: 19/21 MP: 0/0
   503 | D:1      | Reached skill level 3 in Spellcasting
   678 | D:1      | Found a faded altar of an unknown god.
   738 | D:1      | Reached XP level 3. HP: 24/25 MP: 0/0
   738 | D:1      | Learned a level 1 spell: Sting
  1233 | D:2      | Reached XP level 4. HP: 25/31 MP: 0/0
  1360 | D:2      | Found a broken altar of Ashenzari.
  1371 | D:2      | Became a worshipper of Ashenzari the Shackled
  1513 | D:2      | Reached skill level 4 in Spellcasting
  2065 | D:2      | Reached XP level 5. HP: 34/35 MP: 0/0
  2065 | D:2      | Learned a level 2 spell: Wereblood
  3057 | D:3      | Reached * piety under Ashenzari
  3057 | D:3      | Identified a scroll of acquirement
  3138 | D:3      | Reached XP level 6. HP: 37/40 MP: 0/0
  3172 | D:3      | Found a burning altar of Makhleb.
  3172 | D:3      | Noticed a green death
  3291 | D:3      | Found Lyokeam's Assorted Antiques.
  3433 | D:3      | Reached skill level 5 in Spellcasting
  3771 | D:4      | Found an opulent altar of Gozag.
  3772 | D:4      | Acquired 897 gold pieces
  4179 | D:4      | Found a staircase to the Ecumenical Temple.
  4192 | D:4      | Noticed Sigmund
  4204 | D:4      | Killed Sigmund
  4205 | D:4      | Reached skill level 6 in Spellcasting
  4205 | D:4      | Reached XP level 7. HP: 32/45 MP: 0/0
  4205 | D:4      | Learned a level 3 spell: Confusing Touch
  4394 | D:4      | Noticed Edmund
  4402 | D:4      | Killed Edmund
  4405 | D:4      | Reached XP level 8. HP: 37/50 MP: 0/0
  4537 | D:4      | Reached skill level 7 in Spellcasting
  4857 | Temple   | Entered the Ecumenical Temple
  4880 | D:5      | Entered Level 5 of the Dungeon
  4996 | D:5      | Found a transporter.
  4998 | D:5      | Noticed croobank's ghost (amateur DsDe)
  4999 | D:5      | Found a transporter.
  5328 | D:5      | Reached skill level 8 in Spellcasting
  5710 | D:5      | Found a stormy altar of Qazlal.
  5966 | D:5      | Noticed Eustachio
  5967 | D:5      | Found an ornate altar of the Wu Jian Council.
  6020 | D:5      | Found a hazy altar of Hepliaklqana.
  6223 | D:6      | Noticed Maggie
  6238 | D:6      | Mangled by Maggie

Illustrated notes

Levels and vault maps discovered:
D:1:      dpeg_arrival_windows_large_door, layout_basic,
          dreamdust_ecumenical_altar_statues
D:2:      layout_basic, serial_forest, infiniplex_forest_lined_4_way,
          infiniplex_forest_split, infiniplex_forest_lined_2,
          infiniplex_forest_corner_2, infiniplex_forest_fountain,
          infiniplex_forest_clump_C, infiniplex_forest_lined_2,
          infiniplex_forest_corner_1, infiniplex_forest_straight_5, basic_altar,
          patterned_corridor
D:3:      layout_basic, makhleb_altar_promises_db, serial_shops,
          nicolae_shop_statue_plus, minmay_starry_boxes
D:4:      layout_rooms, mainiacjoe_overflow_alcove_1, minmay_temple_entry_wispy,
          nrook_mini_vaults, item_on_display_a, uniq_sigmund, uniq_edmund
D:5:      wander_river, layout_loops_ring, general_overflow_altar,
          kennysheep_little_box, nicolae_overflow_hidden_temple,
          gammafunk_ghost_mausoleum, st_stairs_6, uniq_eustachio
D:6:      layout_basic, slow_altar_1, nicolae_sextant, uniq_maggie
Temple:   eino_temple_rhombus

Skill      XL: |  1  2  3  4  5  6  7  8 |
---------------+-------------------------+-----
Spellcasting   | 3 4 6 8 |  8.2
Dodging        | |  2.1
Stealth        | |  1.5

Action                   |  1- 3 |  4- 6 |  7- 9 || total
-------------------------+-------+-------+-------++-------
Melee: Unarmed           |     1 |       |       ||     1
       Staff             |       |     2 |     1 ||     3
 Cast: Foxfire           |    42 |    82 |    78 ||   202
       Sting             |       |    14 |       ||    14
       Flame Wave        |       |       |     4 ||     4
Invok: Curse Item        |       |     2 |       ||     2
  Use: Scroll            |     3 |     4 |       ||     7
       Potion            |       |       |     1 ||     1
Armor: Robe              |     3 |     5 |     1 ||     9
Dodge: Dodged            |    10 |    14 |    21 ||    45

Table legend: (Time is in decaauts)
 A = Elapsed time spent in this place.
 B = Non-inter-level travel time spent in this place.
 C = Inter-level travel time spent in this place.
 D = Time resting spent in this place.
 E = Time spent auto-exploring this place.
 F = Levels seen in this place.
 G = Mean time per level.
                   A        B        C        D        E       F      G
               +--------+--------+--------+--------+--------+-----+--------+
         Total |   6238 |   6030 |    208 |    347 |   4910 |   7 |  891.1 |
       Dungeon |   6236 |   6028 |    208 |    347 |   4910 |   6 | 1039.3 |
        Temple |      1 |      1 |      0 |      0 |      0 |   1 |    1.0 |
               +--------+--------+--------+--------+--------+-----+--------+

Top non-repeatable levels by time:
     D:2: 1516 daAuts
     D:3: 1356 daAuts
     D:5: 1286 daAuts
     D:1: 1130 daAuts
     D:4: 876 daAuts
     D:6: 70 daAuts
  Temple: 1 daAuts
